 Dungeon Crawl Stone Soup version 0.25-a0-353-ged6d54792d (webtiles) character file.

Game seed: 10239058131840185411, levelgen mode: deterministic

245 Inarius the Chopper (level 5, -14/39 HPs)
             Began as a Mummy Gladiator on Jan 2, 2020.
             Demolished by an orc wizard
             ... wielding a +1 dagger of electrocution
              (16 damage)
             ... on level 3 of the Dungeon.
             The game lasted 00:06:08 (3589 turns).

Inarius the Chopper (Mummy Gladiator)               Turns: 3589, Time: 00:06:09

Health: -14/39     AC:  7    Str: 18    XL:     5   Next: 83%
Magic:  14/14      EV: 14    Int:  7    God:
Gold:   178        SH:  0    Dex: 14    Spells: 4/4 levels left

rFire    x . .     SeeInvis .   a - +0 war axe
rCold    + . .     Gourm    .   (no shield)
rNeg     + + +     Faith    .   f - +0 ring mail
rPois    ∞         Spirit   .   c - +0 helmet
rElec    .         Reflect  .   (no cloak)
rCorr    .         Harm     .   h - +0 pair of gloves
MR       .....                  (no boots)
Stlth    +.........             j - amulet of the acrobat
HPRegen  0.13/turn              m - ring of magical power
MPRegen  0.14/turn              i - +2 ring of evasion

@: no status effects
A: no food or potions, fire vulnerability, cold resistance 1, negative energy
resistance 3, torment resistance, unbreathing
a: no special abilities


You were on level 3 of the Dungeon.
You were not hungry.

You visited 1 branch of the dungeon, and saw 3 of its levels.
You also visited: Sewer.

You collected 178 gold pieces.

Inventory:

Hand Weapons
 a - a +0 war axe (weapon)
Missiles
 d - 3 throwing nets (quivered)
Armour
 c - a +0 helmet (worn)
 f - a +0 ring mail (worn)
 h - a +0 pair of gloves (worn)
Jewellery
 e - a +2 ring of intelligence
 i - a +2 ring of evasion (right hand)
 j - an amulet of the acrobat (around neck)
 m - a ring of magical power (left hand)
Scrolls
 g - a scroll of remove curse
 k - 3 scrolls of teleportation
 l - a scroll of enchant armour
 n - a scroll of fear {unknown}
 o - a scroll of fog


   Skills:
 + Level 2.6 Fighting
 * Level 4.8 Axes
 - Level 1.5 Throwing
 * Level 1.5 Armour
 - Level 2.5 Dodging


You had 4 spell levels left.
You didn't know any spells.
Your spell library was empty.

Dungeon Overview and Level Annotations

Branches:
Dungeon (3/15)              Sewer (visited)

Altars:
Yredelemnul


Innate Abilities, Weirdness & Mutations

You do not eat or drink.
Your flesh is vulnerable to fire.
You are immune to poison.
Your flesh is cold resistant. (rC+)
You are immune to negative energy. (rN+++)
You are immune to unholy pain and torment.
You can survive without breathing.


Message History

No target in view!
No target in view!
No target in view!
No target in view!
Something barely misses you.
Things that are here:
a +0 leather armour; an orc corpse; a worm corpse You closely miss something.
Something hits you but does no damage.
You completely miss something. Something barely misses you.
You miss something.
Something hits you but does no damage. x2
You miss something. Something barely misses you.
You miss something. Something hits you but does no damage.
You are electrocuted!!
Ouch! That really hurt!
* * * LOW HITPOINT WARNING * * *
You hit something. Something hits you.
* * * LOW HITPOINT WARNING * * *
You miss something. Something barely misses you.
Something hits you but does no damage.
You are electrocuted!
You die...

****#.########.# *,,,..#........#
*,*##.##.#####.# *,,,...#.# #.#
######..#.# #.# #.......#.# ###.#
###### *,#####.#.# #...# .....#
*,#...{<#.###.#.#
.....#####+#.###@#.....##########
.(...........###.#..##.ow....)...
......................o..........
....!.......######..##o####..#...
............+.......##.# #..#,##
#####(......######..##.# #..#,*,
#.......# ###.##.# #..#,*, ###
#.......# #......####..#,*,
..###.......#####.#..........#,*,


There were no monsters in sight!

Vanquished Creatures
  An orc priest (D:3)
  4 gnolls
  2 adders (D:3)
  5 oozes (Sewer)
  8 worms
  2 dart slugs (D:1)
  4 leopard geckos
  5 orcs
  2 ball pythons (Sewer)
  3 giant cockroaches
  6 goblins
  10 hobgoblins
  7 jackals
  A quokka (D:3)
  14 bats
  6 frilled lizards
  11 kobolds
  12 rats
103 creatures vanquished.

Notes
Turn   | Place    | Note
-------+----------+-------------------------------------------
     0 | D:1      | Inarius the Mummy Gladiator began the quest for the Orb.
     0 | D:1      | Reached XP level 1. HP: 16/16 MP: 1/1
   182 | D:1      | Reached XP level 2. HP: 22/22 MP: 2/2
   307 | D:1      | Reached skill level 3 in Axes
   426 | D:1      | Reached XP level 3. HP: 27/27 MP: 3/3
   851 | D:1      | Reached XP level 4. HP: 28/34 MP: 4/4
  1220 | D:2      | Reached skill level 1 in Armour
  1651 | D:3      | Reached skill level 4 in Axes
  1718 | D:3      | Found a glowing drain.
  1745 | Sewer    | Entered a sewer
  1950 | Sewer    | Reached XP level 5. HP: 39/39 MP: 5/5
  3040 | D:3      | Found a basalt altar of Yredelemnul.
  3259 | D:2      | HP: 1/39 [orc/+0 mace of protection (7)]
  3589 | D:3      | Demolished by an orc wizard

Levels and vault maps discovered:
D:1:      dpeg_arrival_rooms_c, layout_basic, minmay_statues_item,
          minmay_quantized
D:2:      layout_loops_cross, minmay_fountain_box
D:3:      layout_basic, cheibrodos_sewer_entry_bend, first_ration,
          lemuel_tele_altar

Skill      XL: |  1  2  3  4 |
---------------+-------------+-----
Axes           | 3 4 |  4.8
Armour         | 1 |  1.5
Fighting       | |  2.6
Throwing       | |  1.5
Dodging        | |  2.5

Action                   |  1- 3 |  4- 6 || total
-------------------------+-------+-------++-------
Melee: War axe           |    83 |   220 ||   303
  Use: Scroll            |       |     7 ||     7
Armor: Leather armour    |    17 |    53 ||    70
       Ring mail         |       |    12 ||    12
Dodge: Dodged            |    61 |   258 ||   319

Table legend:
 A = Non-vault XP
 B = Vault XP
 C = Vault XP percentage of total XP
 D = Non-vault monster count
 E = Vault monster count
 F = Vault count percentage of total count
                 A         B        C        D         E       F
            +---------+---------+-------+---------+---------+-------
      Total |     246 |     104 |  29.7 |      71 |      32 |  31.1
            +---------+---------+-------+---------+---------+-------
        D:1 |      97 |       9 |   8.5 |      35 |       5 |  12.5
        D:2 |      46 |       0 |   0.0 |      18 |       0 |   0.0
        D:3 |     103 |       5 |   4.6 |      18 |       1 |   5.3
      Sewer |       0 |      90 | 100.0 |       0 |      26 | 100.0
            +---------+---------+-------+---------+---------+-------
